 Dungeon Crawl Stone Soup version 0.22-a0-848-ge9e22a0 (webtiles) character file.

100888 KristoblXynda the Warrior (level 16, -3/185 HPs)
             Began as an Ogre Berserker on July 26, 2018.
             Was the Champion of Trog.
             Shot with an arrow by a deep elf archer (16 damage)
             ... on level 1 of the Elven Halls.
             The game lasted 01:08:42 (25870 turns).

KristoblXynda the Warrior (Ogre Berserker)         Turns: 25870, Time: 01:08:44

Health: -3/185     AC: 15    Str: 25    XL:     16   Next: 29%
Magic:  0/19       EV: 17    Int: 15    God:    Trog [******]
Gold:   1119       SH:  9    Dex: 14    Spells: 15/15 levels left

rFire    + + .     SeeInvis +   A - +6 giant spiked club
rCold    . . .     Gourm    .   (shield currently unavailable)
rNeg     + . .     Faith    .   R - +4 acid dragon scales of Mental Paralysis {+Inv rF+ rCorr Int+4 Stlth-}
rPois    .         Spirit   +   B - +3 crown of Dyrovepreva {rElec Int+2 SInv}
rElec    +         Reflect  +   J - scarf {Spirit}
rCorr    +         Harm     .   (gloves unavailable)
MR       +++..                  (boots unavailable)
Stlth    ..........             r - +5 amulet of reflection
HPRegen  1.40/turn              p - +3 ring of protection
MPRegen  0.16/turn              s - ring of positive energy

@: corroded, berserk cooldown, regenerating, slowed, drained, very slow
A: large, unfitting armour, horns 2, large bone plates 1, agile 1, fire
resistance 1, tough skin 1
a: Berserk, Trog's Hand, Brothers in Arms, Renounce Religion, Evoke Invisibility


You were on level 1 of the Elven Halls.
You worshipped Trog.
Trog was exalted by your worship.
You were hungry.

You visited 5 branches of the dungeon, and saw 25 of its levels.
You also visited: Sewer and Bailey.

You collected 2813 gold pieces.
You spent 1694 gold pieces at shops.

Inventory:

Hand Weapons
 k - a +1 demon whip of slashing
 y - a +4 great mace of holy wrath
 A - a +6 giant spiked club (weapon)
 O - the +8 hand axe of Imminent Death {flame, rF+ rC++}
   (You found it on level 15 of the Dungeon)

   It has been specially enchanted to burn those struck by it, causing extra
   injury to most foes and up to half again as much damage against particularly
   susceptible opponents.
   Big, fiery blades are also staple armaments of hydra-hunters.
   It protects you from fire.
   It greatly protects you from cold.
Missiles
 n - 20 large rocks (quivered)
 C - 3 throwing nets
Armour
 v - a +0 shield
 B - the +3 crown of Dyrovepreva (worn) {rElec Int+2 SInv}
   (You acquired it on level 8 of the Dungeon)

   It affects your intelligence (+2).
   It insulates you from electricity.
   It lets you see invisible.
 J - a scarf of spirit shield (worn)
 R - the +4 acid dragon scales of Mental Paralysis (worn) {+Inv rF+ rCorr Int+4 Stlth-}
   (You bought it in a shop on level 2 of the Orcish Mines)

   It affects your intelligence (+4).
   It protects you from fire.
   It lets you turn invisible.
   It provides partial protection from all sources of acid and corrosion.
   It makes you less stealthy.
Jewellery
 p - a +3 ring of protection (left hand)
 r - a +5 amulet of reflection (around neck)
 s - a ring of positive energy (right hand)
Wands
 F - a wand of acid (18)
 G - a wand of disintegration (18)
 I - a wand of paralysis (39)
 P - a wand of iceblast (17)
Scrolls
 d - 11 scrolls of teleportation
 m - 12 scrolls of remove curse
 o - a scroll of magic mapping
 z - 3 scrolls of immolation
 M - a scroll of fear
 Q - a scroll of vulnerability
Potions
 a - 5 potions of brilliance
 b - 4 potions of resistance
 e - 5 potions of cancellation
 f - 7 potions of flight
 g - 13 potions of curing
 h - 5 potions of might
 i - 3 potions of heal wounds
 l - 6 potions of agility
 q - 2 potions of magic
 t - 2 potions of ambrosia
 u - a potion of berserk rage
 w - 3 potions of lignification
 x - 5 potions of haste
 D - 3 potions of invisibility
 H - a potion of mutation
Miscellaneous
 K - a lamp of fire
 L - a phial of floods (inert)
 S - a crystal ball of energy
Comestibles
 c - 38 rations


   Skills:
 + Level 17.8(17.1) Fighting
 + Level 15.0(14.4) Maces & Flails
 - Level 5.4(4.9) Throwing
 - Level 8.1(7.5) Armour
 + Level 13.2(12.6) Dodging
 + Level 4.2(3.7) Evocations


You had 15 spell levels left.
You didn't know any spells.
Your spell library contained the following spells:

 Spells                   Type           Power        Failure   Level  Hunger
 Cause Fear               Hex            #.........   97%         4    #####..
 Magic Dart               Conj           #...         32%         1    ##.....
 Lightning Bolt           Conj/Air       #.........   100%        5    ######.
 Slow                     Hex            #.......     43%         2    ###....
 Iskenderun's Mystic Bla  Conj           #.......     97%         4    #####..
 Regeneration             Chrm/Necr      #.........   67%         3    ####...
 Shock                    Conj/Air       #...         32%         1    ##.....
 Swiftness                Chrm/Air       #.......     43%         2    ###....
 Statue Form              Tmut/Erth      #........    100%        6    #######
 Dragon Form              Tmut           #.........   100%        7    #######
 Airstrike                Air            #.........   97%         4    #####..
 Static Discharge         Conj/Air       #.......     67%         3    ####...
 Corona                   Hex            #......      32%         1    ##.....
 Portal Projectile        Hex/Tloc       #.....       67%         3    ####...
 Leda's Liquefaction      Hex/Erth       #.........   97%         4    #####..
 Shroud of Golubria       Chrm/Tloc      #.........   43%         2    ###....
 Inner Flame              Hex/Fire       #.......     67%         3    ####...
 Fulminant Prism          Conj/Hex       #.........   97%         4    #####..
 Dazzling Spray           Conj/Hex       #.....       67%         3    ####...
 Force Lance              Conj/Tloc      #.......     97%         4    #####..
 Infusion                 Chrm           #...         32%         1    ##.....
 Song of Slaying          Chrm           #.......     43%         2    ###....
 Spectral Weapon          Hex/Chrm       #.......     67%         3    ####...
 Searing Ray              Conj           #.....       43%         2    ###....
 Hydra Form               Tmut           #.........   100%        6    #######
 Irradiate                Conj/Tmut      #.........   100%        5    ######.


Dungeon Overview and Level Annotations

Branches:
Dungeon (15/15)            Temple (1/1) D:4            Lair (6/6) D:9
  Swamp (0/4) Lair:2       Spider (0/4) Lair:4        Slime (0/5) Lair:5
    Orc (2/2) D:12            Elf (1/3) Orc:2        Vaults (0/5) D:14
 Depths (0/5) D:15

Altars:
Ashenzari
Cheibriados
Dithmenos
Elyvilon
Fedhas
Gozag
Hepliaklqana
Kikubaaqudgha
Makhleb
Nemelex Xobeh
Okawaru
Qazlal
Ru
Sif Muna
Trog
Uskayaw
Vehumet
Wu Jian
Xom
Yredelemnul
Zin
The Shining One
Beogh
Jiyva

Shops:
D:6 =   D:13 *   Orc:2 [(%=

Annotations:
D:9 3 runed doors, Protee's ghost, novice TeAE
D:14 exclusion: orange crystal statue
Lair:2 exclusion: 4 oklob plants
Lair:5 exclusion: 3 oklob plants


Innate Abilities, Weirdness & Mutations

You are too large for most types of armour.
You have tough skin. (AC +1)
You have a pair of horns on your head.
You are partially covered in large bone plates. (SH +4)
You are agile. (Dex +2)
Your flesh is heat resistant. (rF+)


Message History

Evoke which item? (* to show all) (? for menu, Esc to quit)
Aiming: Paralyse
Press: ? - help, Shift-Dir - straight line, f/p - deep elf archer
Aim: a deep elf archer, wielding a shortbow and wearing a leather armour (repelling missiles, chance to defeat MR: 12%)
The deep elf archer resists with almost no effort.
The deep elf archer shoots an arrow.
The arrow hits you!
* * * LOW HITPOINT WARNING * * *
The deep elf archer shoots an arrow.
The arrow hits you!
* * * LOW HITPOINT WARNING * * *
Unknown command.
The deep elf archer unwields an uncursed shortbow.
The deep elf archer wields an uncursed short sword.
The deep elf archer barely misses you.
You impale the deep elf archer!! You headbutt the deep elf archer.
The deep elf archer is severely wounded.
The deep elf archer blinks!
The deep elf archer unwields an uncursed short sword.
The deep elf archer wields an uncursed shortbow.
The deep elf archer shoots an arrow.
The arrow hits you!
You die...

...#### ##.....## #'##
##.......## #.# ####
##.........+#
#.####..####.(.........#
#.......'..'(.(...e....#
######..####...........#
##'# #)).........## #.#
#..(ยง.......#. #.#
##..)@...$.# #.#
#'..((...## #+#
#.##..)(>## #'# ####(##
..# #(# ... #'# .. ...
... ....


You could see a deep elf archer.

Vanquished Creatures
  Gastronok (D:10)
  Donald (Orc:2)
  An orc warlord (Orc:2)
  A deep elf demonologist (Elf:1)
  A fire dragon (D:15)
  Josephine (Lair:4)
  9 hydras
  A catoblepas (D:13)
  A vault guard (D:14)
  2 centaur warriors
  9 two-headed ogres
  A death knight (D:11)
  3 tengu warriors (D:15)
  A deep elf knight (Elf:1)
  An orc high priest (Orc:2)
  Sonja (Orc:2)
  Nergalle (D:10)
  2 skeletal warriors (D:11)
  2 unseen horrors
  A deep elf archer (Elf:1)
  8 deep elf magi
  A necromancer (Lair:3)
  Pikel (D:7)
  3 orc sorcerers
  An orc knight (Orc:2)
  A manticore (D:11)
  5 cyclopes
  3 torpor snails (Lair:5)
  8 elephants (Lair:5)
  2 centaur zombies
  Maurice (D:8)
  11 spiny frogs
  Psyche (D:8)
  3 black mambas
  3 gargoyles
  A freezing wraith (D:11)
  7 komodo dragons
  5 polar bears
  2 tengu conjurers (D:15)
  A queen bee (Lair:1)
  5 hornets (Lair:6)
  7 trolls
  10 blink frogs
  2 dream sheep (Lair:6)
  A snapping turtle (shapeshifter) (D:15)
  7 hippogriffs
  2 vampires
  13 spriggans (Lair:6)
  43 yaks
  A water elemental (D:15)
  7 wraiths
  6 wyverns
  5 shadows
  4 basilisks
  5 hungry ghosts
  6 vampire mosquitoes (D:15)
  A swamp worm (Lair:2)
  A warg (Orc:2)
  2 hell hounds (D:9)
  9 porcupines
  10 water moccasins
  33 orc warriors
  A hornet zombie (D:14)
  8 ice beasts
  3 sky beasts
  2 slaves (D:7)
  A phantom (D:12)
  A necrophage (D:11)
  2 eyes of draining (D:10)
  10 black bears
  13 ogres
  3 boggarts (Lair:6)
  9 centaurs
  57 wolves
  4 big kobolds
  12 crocodiles
  2 wyvern zombies
  12 bullfrogs
  A gnoll sergeant (D:6)
  A wyvern skeleton (D:14)
  6 scorpions
  36 killer bees
  3 vampire bats (Lair:6)
  8 wights
  4 howler monkeys
  An electric eel (D:15)
  2 bullfrog zombies
  9 crimson imps
  A lava snake (D:8)
  2 quasits
  7 hounds
  2 jellies
  8 bullfrog skeletons
  16 orc priests
  Crazy Yiuf (D:7)
  23 orc wizards
  3 centaur skeletons
  4 iguanas
  14 worker ants
  3 hell rats (Lair:1)
  A polar bear simulacrum (Lair:3)
  2 yak simulacra (Lair:3)
  6 wolf simulacra (Lair:3)
  2 hound skeletons
  A worker ant zombie (D:8)
  16 gnolls
  8 river rats (Lair:1)
  13 adders
  2 shadow imps
  2 oozes
  An adder zombie (D:5)
  3 worms
  2 dart slugs
  5 leopard geckos
  95 orcs
  12 giant cockroaches
  24 goblins
  16 hobgoblins
  19 jackals
  4 quokkas
  3 ball pythons
  15 bats
  7 frilled lizards
  A giant cockroach zombie (D:5)
  30 kobolds
  2 quokka skeletons
  13 rats
  2 river rat simulacra (Lair:3)
  A fungus (Lair:6)
892 creatures vanquished.

Vanquished Creatures (collateral kills)
  An orc warlord (Bailey)
  A fire dragon (D:15)
  4 orc knights
  10 orc warriors
  A gnoll sergeant (Orc:1)
  2 gnolls (Bailey)
  12 orcs
  2 goblins (Bailey)
  2 hobgoblins (Bailey)
35 creatures vanquished.

Vanquished Creatures (others)
  An unseen horror (D:15)
  A spriggan (D:7)
  A slave (D:7)
  An orc warrior (Orc:2)
  2 orcs (Orc:2)
  5 fungi
  3 plants (D:15)
14 creatures vanquished.

Grand Total: 941 creatures vanquished

Notes
Turn   | Place    | Note
-------+----------+-------------------------------------------
     0 | D:1      | KristoblXynda the Ogre Berserker began the quest for the Orb.
     0 | D:1      | Reached XP level 1. HP: 24/24 MP: 1/1
   238 | D:1      | Reached XP level 2. HP: 14/32 MP: 2/2
  1154 | D:1      | Reached XP level 3. HP: 40/40 MP: 3/3
  1401 | D:2      | Reached ** piety under Trog
  1955 | D:3      | Reached XP level 4. HP: 33/49 MP: 4/4
  2004 | D:3      | Noticed an ice beast
  2011 | D:3      | Killed an ice beast
  2011 | D:3      | Reached skill level 5 in Fighting
  2011 | D:3      | Reached XP level 5. HP: 47/57 MP: 5/5
  2050 | D:3      | Found a glowing drain.
  2085 | Sewer    | Entered a sewer
  2296 | Sewer    | Noticed a big kobold
  2300 | Sewer    | Killed a big kobold
  2300 | Sewer    | Reached XP level 6. HP: 67/67 MP: 6/6
  2508 | Sewer    | Reached *** piety under Trog
  2867 | D:3      | Found a faded altar of an unknown god.
  2934 | D:3      | Reached skill level 5 in Maces & Flails
  3525 | D:4      | Found a staircase to the Ecumenical Temple.
  3553 | Temple   | Entered the Ecumenical Temple
  3696 | D:4      | Reached skill level 6 in Fighting
  3696 | D:4      | Reached XP level 7. HP: 63/75 MP: 7/7
  4079 | D:5      | Entered Level 5 of the Dungeon
  4183 | D:5      | Reached **** piety under Trog
  4938 | D:5      | Found a glowing golden altar of the Shining One.
  5108 | D:6      | Reached XP level 8. HP: 80/84 MP: 8/8
  5110 | D:6      | Reached skill level 7 in Fighting
  5195 | D:6      | Reached skill level 5 in Dodging
  5774 | D:6      | Found a sacrificial altar of Ru.
  5891 | D:6      | Reached skill level 8 in Fighting
  5945 | D:6      | Found a shadowy altar of Dithmenos.
  5974 | D:6      | Found Qokeg's Jewellery Emporium.
  5982 | D:6      | Reached XP level 9. HP: 22/96 MP: 9/9
  5985 | D:6      | HP: 7/144 [poisoned by a water moccasin]
  5988 | D:6      | HP: 2/96 [poisoned by a water moccasin]
  6109 | D:6      | Reached ***** piety under Trog
  6416 | D:6      | Bought a cursed -3 ring of slaying for 26 gold pieces
  6416 | D:6      | Bought a +3 ring of protection for 273 gold pieces
  6619 | D:7      | Found a blossoming altar of Fedhas.
  6627 | D:7      | Found an ancient bone altar of Kikubaaqudgha.
  6628 | D:7      | Found a snail-covered altar of Cheibriados.
  6629 | D:7      | Found a sacrificial altar of Ru.
  6638 | D:7      | Found a radiant altar of Vehumet.
  6850 | D:7      | Noticed Pikel
  6876 | D:7      | Killed Pikel
  6876 | D:7      | Reached skill level 9 in Fighting
  7490 | D:7      | Noticed a cyclops
  7501 | D:7      | Killed a cyclops
  7501 | D:7      | Reached skill level 10 in Fighting
  7501 | D:7      | Reached XP level 10. HP: 110/110 MP: 10/10
  7933 | D:7      | Found a runed door.
  7938 | D:7      | Noticed Crazy Yiuf
  7947 | D:7      | Killed Crazy Yiuf
  8362 | D:8      | Found a flagged portal.
  8378 | D:8      | Got a scorched hand axe
  8379 | D:8      | Identified the +2 hand axe of False Accusations {flame, MR- Dex+2 SInv} (You found it on level 8 of the Dungeon)
  8414 | Bailey   | Entered a bailey
  8481 | Bailey   | Received a gift from Trog
  8537 | Bailey   | Reached skill level 10 in Maces & Flails
  9004 | Bailey   | Noticed an orc knight
  9015 | Bailey   | Killed an orc knight
  9040 | Bailey   | Noticed an orc warlord
  9043 | Bailey   | Noticed an orc knight
  9057 | Bailey   | Killed an orc warlord
  9066 | Bailey   | Killed an orc knight
  9066 | Bailey   | Reached skill level 11 in Fighting
  9108 | Bailey   | Got a clouded platinum ring
  9380 | Bailey   | Identified the ring of Ijy Dyel {+Fly Int+3 Stlth+} (You found it in a bailey)
  9394 | Bailey   | Reached skill level 12 in Fighting
  9394 | Bailey   | Reached skill level 5 in Throwing
  9394 | Bailey   | Reached XP level 11. HP: 123/123 MP: 11/11
  9417 | D:8      | Found a burning altar of Makhleb.
  9430 | D:8      | Identified a scroll of acquirement
  9431 | D:8      | Found the +3 crown of Dyrovepreva {rElec Int+2 SInv}
  9479 | D:8      | Found a bloodstained altar of Trog.
  9554 | D:8      | Noticed Maurice
  9569 | D:8      | Killed Maurice
  9569 | D:8      | Reached XP level 12. HP: 132/132 MP: 12/12
 10106 | D:8      | Noticed Psyche
 10127 | D:8      | Killed Psyche
 10248 | D:8      | Found a glowing silver altar of Zin.
 10679 | D:9      | Noticed a two-headed ogre
 10688 | D:9      | Killed a two-headed ogre
 10732 | D:9      | Found a runed gate.
 10732 | D:9      | Found a runed gate.
 10732 | D:9      | Found a runed gate.
 10833 | D:9      | Found a staircase to the Lair.
 11131 | D:9      | Noticed Protee's ghost (novice TeAE)
 11499 | D:8      | Found a blossoming altar of Fedhas.
 11532 | D:10     | Entered Level 10 of the Dungeon
 11569 | D:10     | Received a gift from Trog
 11669 | D:10     | Noticed a two-headed ogre
 11683 | D:10     | Killed a two-headed ogre
 11683 | D:10     | Reached skill level 1 in Armour
 11883 | D:10     | Noticed a two-headed ogre
 11890 | D:10     | Killed a two-headed ogre
 11890 | D:10     | Reached skill level 13 in Fighting
 12005 | D:10     | Noticed Nergalle
 12017 | D:10     | Killed Nergalle
 12241 | D:10     | Noticed Gastronok
 12264 | D:10     | Killed Gastronok
 12798 | D:11     | Noticed a two-headed ogre
 12810 | D:11     | Killed a two-headed ogre
 12875 | D:11     | Reached skill level 10 in Dodging
 12884 | D:11     | Noticed a six-headed hydra
 12893 | D:11     | Killed a three-headed hydra
 12893 | D:11     | Received a gift from Trog
 12893 | D:11     | Reached XP level 13. HP: 144/144 MP: 10/13
 13285 | Lair:1   | Entered Level 1 of the Lair of Beasts
 13683 | Lair:1   | Reached skill level 14 in Fighting
 14450 | Lair:2   | Found an iron altar of Okawaru.
 14733 | Lair:2   | Gained mutation: You have a pair of small horns on your head. [potion of mutation]
 14733 | Lair:2   | Gained mutation: You have a pair of horns on your head. [potion of mutation]
 14733 | Lair:2   | Gained mutation: You are agile. (Dex +2) [potion of mutation]
 14733 | Lair:2   | Gained mutation: You are partially covered in large bone plates. (SH +4) [potion of mutation]
 15056 | Lair:2   | Found a staircase to the Swamp.
 15756 | Lair:3   | Received a gift from Trog
 16138 | Lair:4   | Reached skill level 5 in Armour
 16211 | Lair:4   | Found the +12 Vampire's Tooth {vamp}
 16575 | Lair:4   | Found a hole to the Spider Nest.
 17010 | Lair:4   | Noticed Josephine
 17030 | Lair:4   | Killed Josephine
 17030 | Lair:4   | Reached skill level 15 in Fighting
 17030 | Lair:4   | Reached XP level 14. HP: 159/159 MP: 12/14
 17279 | Lair:5   | Found a staircase to the Slime Pits.
 17280 | Lair:5   | Found a viscous altar of Jiyva.
 17662 | Lair:5   | Found a snail-covered altar of Cheibriados.
 18379 | Lair:6   | Entered Level 6 of the Lair of Beasts
 18424 | Lair:6   | Reached ****** piety under Trog
 18441 | Lair:6   | Received a gift from Trog
 18822 | Lair:6   | Received a gift from Trog
 19178 | Lair:6   | Received a gift from Trog
 19320 | Lair:6   | Reached skill level 16 in Fighting
 20543 | D:12     | Reached XP level 15. HP: 170/170 MP: 15/15
 20624 | D:12     | Received a gift from Trog
 20863 | D:12     | Found a staircase to the Orcish Mines.
 20890 | D:12     | Found a roughly hewn altar of Beogh.
 21459 | D:13     | Found Puilugapp's Blood Bar.
 22117 | D:14     | Received a gift from Trog
 22221 | D:14     | Found a basalt altar of Yredelemnul.
 22274 | D:14     | Reached skill level 1 in Evocations
 22305 | D:14     | Found a gate to the Vaults.
 22315 | D:14     | Reached skill level 17 in Fighting
 22844 | D:15     | Entered Level 15 of the Dungeon
 23368 | D:15     | Got a smoking hand axe
 23369 | D:15     | Identified the +8 hand axe of Imminent Death {flame, rF+ rC++} (You found it on level 15 of the Dungeon)
 23392 | D:15     | Found a staircase to the Depths.
 23872 | Orc:1    | Entered Level 1 of the Orcish Mines
 24325 | Orc:2    | Entered Level 2 of the Orcish Mines
 24331 | Orc:2    | Received a gift from Trog
 24404 | Orc:2    | Noticed Sonja
 24407 | Orc:2    | Killed Sonja
 24483 | Orc:2    | Found a roughly hewn altar of Beogh.
 24484 | Orc:2    | Found Sataateo's Jewellery Emporium.
 24489 | Orc:2    | Reached XP level 16. HP: 183/183 MP: 18/18
 24572 | Orc:2    | Noticed Donald
 24579 | Orc:2    | Killed Donald
 24687 | Orc:2    | Found a staircase to the Elven Halls.
 24693 | Orc:2    | Gained mutation: Your flesh is heat resistant. (rF+) [a neqoxec]
 24984 | Orc:2    | Found Paubraor's Antique Armour Shoppe.
 24984 | Orc:2    | Found a roughly hewn altar of Beogh.
 24987 | Orc:2    | Found Voasod's Antique Weapon Emporium.
 24993 | Orc:2    | Bought heavily runed acid dragon scales for 1395 gold pieces
 25004 | Orc:2    | Identified the +4 acid dragon scales of Mental Paralysis {+Inv rF+ rCorr Int+4 Stlth-} (You bought it in a shop on level 2 of the Orcish Mines)
 25259 | Orc:2    | Found a roughly hewn altar of Beogh.
 25270 | Orc:2    | Found Kahal's Food Boutique.
 25345 | Orc:2    | Found a roughly hewn altar of Beogh.
 25470 | Orc:2    | Found a roughly hewn altar of Beogh.
 25474 | Orc:2    | Received a gift from Trog
 25668 | Elf:1    | Entered Level 1 of the Elven Halls
 25679 | Elf:1    | Reached skill level 15 in Maces & Flails
 25845 | Elf:1    | Noticed a Tzitzimitl
 25864 | Elf:1    | HP: 6/185 [deep elf archer/arrow (11)]
 25870 | Elf:1    | Shot with an arrow by a deep elf archer

Vault maps used:
D:1:      nicolae_arrival_washed_ashore, kennysheep_small_spiral,
          nrook_loot_triangle
D:3:      portal_sewer_entry_b, chequers_ecumenical_altar_simple
D:4:      minmay_temple_entry_junction_2
D:5:      tso_altar, first_ration
D:6:      cheibrodos_thug_alley, basic_altar, serial_shops, shop,
          hangedman_ru_absence
D:7:      minmay_cornered_nines, minitemple, the_bakery,
          uniq_crazy_yiuf_cottage, uniq_pikel
D:8:      lemuel_upstairs_altar, lightli_temple_of_fire, zin_scriptorium,
          lemuel_crystal_altar, enter_bailey_2, kennysheep_opposing_triangles,
          uniq_maurice, uniq_psyche
D:9:      minmay_lair_entry_lava, gammafunk_ghost_icy
D:10:     uniq_nergalle, uniq_gastronok
D:12:     minmay_orc_entry_temple_small
D:13:     guppyfry_shop_blood
D:14:     david_vaults_5, basic_altar, minmay_protected_statue
D:15:     grunt_enter_depths_hoard, serial_bayou, serial_bayou_lagoon_a,
          serial_bayou_pond_d, serial_bayou_pond_c, serial_bayou_crossing
Temple:   nicolae_temple_god_jail
Lair:1:   special_room, kennysheep_abandoned_house
Lair:2:   minmay_swamp_entry_worms, basic_altar, grunt_megastairs_2,
          minmay_lair_oklob_chamber, serial_bayou_shore_b, lemuel_fruit_fields,
          lemuel_fruit_tree
Lair:3:   eino_house_with_fridge, infiniplex_staircase_pool
Lair:4:   spider_nest_entry_web_field, grunt_forest_large_clearings,
          uniq_josephine
Lair:5:   minmay_lair_oklob_tunnel, slime_altar_1, kennysheep_snail_temple
Lair:6:   minmay_lair_end_enchanted_forest, roderic_batcave,
          nicolae_quartered_pool_medium
Orc:1:    basic_altar, sword_in_stone
Orc:2:    grunt_orc_community_town_hall, grunt_orc_community_big_house_2,
          grunt_orc_community_big_house_1, grunt_orc_community_house_2,
          grunt_orc_community_house_2, grunt_orc_community_house_2,
          grunt_orc_community_house_2, special_room, uniq_sonja, uniq_donald
Elf:1:    minmay_elf_arrival_circle, serial_shops,
          nicolae_shop_temple_entry_statues_fountains, basic_altar,
          hangedman_elf_represent
Sewer:    kennysheep_pipe_town
Bailey:   bailey_axe_minmay_hex_keep, bailey

Skill      XL: |  1  2  3  4  5  6  7  8  9 10 11 12 13 14 15 16 |
---------------+-------------------------------------------------+-----
Maces & Flails | 3 4 5 6 7 9 11 12 13 14 15 | 15.0
Dodging        | 3 4 5 7 8 10 11 12 13 | 13.2
Fighting       | 5 6 8 10 12 13 15 16 17 | 17.8
Throwing       | 5 |  5.4
Armour         | 3 5 7 8 |  8.1
Evocations     | 3 4 |  4.2

Action                   |  1- 3 |  4- 6 |  7- 9 | 10-12 | 13-15 | 16-18 || total
-------------------------+-------+-------+-------+-------+-------+-------++-------
Melee: Mace              |   160 |     4 |       |       |       |       ||   164
       War axe           |       |   125 |   211 |   299 |   187 |       ||   822
       Whip              |       |       |    64 |    93 |       |       ||   157
       Giant spiked club |       |       |    14 |       |   177 |   147 ||   338
       Hand axe          |       |       |       |    13 |    11 |       ||    24
       Great mace        |       |       |       |       |   962 |       ||   962
       Headbutt          |       |       |       |       |   259 |    24 ||   283
Throw: Javelin           |       |       |       |     2 |       |       ||     2
       Large rock        |       |       |       |       |     2 |       ||     2
Invok: Berserk           |     1 |     2 |     6 |    14 |    11 |     1 ||    35
       Trog's Hand       |       |     1 |     2 |     1 |     2 |     1 ||     7
       Brothers in Arms  |       |       |       |     3 |     2 |       ||     5
Evoke: Wand              |       |       |       |       |       |     4 ||     4
       Phial of floods   |       |       |       |       |       |     1 ||     1
  Use: Scroll            |     5 |     2 |     5 |    16 |    13 |     2 ||    43
       Potion            |       |       |     1 |     2 |     4 |     3 ||    10
 Stab: Sleeping          |     2 |     1 |     1 |     1 |     7 |       ||    12
       Distracted        |       |       |       |       |     3 |     1 ||     4
  Eat: Chunk             |     3 |     6 |    13 |    19 |    28 |     2 ||    71
       Ration            |       |     1 |     2 |     4 |     8 |     1 ||    16
Armor: Animal skin       |    59 |    41 |    56 |    39 |       |       ||   195
       Troll leather arm |       |       |       |    90 |   409 |    16 ||   515
       Acid dragon scale |       |       |       |       |       |    21 ||    21
Dodge: Dodged            |    80 |    96 |   148 |   229 |   994 |   105 ||  1652
Block: Other             |       |     2 |    61 |    97 |   638 |    72 ||   870
       Reflection        |       |       |     2 |     1 |    14 |     5 ||    22

Table legend:
 A = Spawn XP
 B = Non-spawn XP
 C = Spawn XP percentage of total XP
 D = Spawn monster count
 E = Non-spawn monster count
 F = Spawn count percentage of total count
 G = Total turns spent on level
                    A         B        C        D         E        F      G
               +---------+---------+-------+---------+---------+-------+---------
         Total |       0 |  135033 |   0.0 |       0 |     925 |   0.0 | 25870
               +---------+---------+-------+---------+---------+-------+---------
           D:1 |       0 |      38 |   0.0 |       0 |      23 |   0.0 |  1367
           D:2 |       0 |      33 |   0.0 |       0 |      14 |   0.0 |   559
           D:3 |       0 |     288 |   0.0 |       0 |      37 |   0.0 |   985
           D:4 |       0 |     318 |   0.0 |       0 |      11 |   0.0 |   584
           D:5 |       0 |     329 |   0.0 |       0 |      19 |   0.0 |  1001
           D:6 |       0 |    1727 |   0.0 |       0 |      46 |   0.0 |  1515
           D:7 |       0 |    2500 |   0.0 |       0 |      28 |   0.0 |  1587
           D:8 |       0 |    3157 |   0.0 |       0 |      37 |   0.0 |  1465
           D:9 |       0 |    1977 |   0.0 |       0 |      10 |   0.0 |   944
          D:10 |       0 |    6608 |   0.0 |       0 |      31 |   0.0 |  1347
          D:11 |       0 |    7960 |   0.0 |       0 |      41 |   0.0 |   790
          D:12 |       0 |    6659 |   0.0 |       0 |      48 |   0.0 |   698
          D:13 |       0 |    8735 |   0.0 |       0 |      43 |   0.0 |   804
          D:14 |       0 |   11324 |   0.0 |       0 |      37 |   0.0 |   923
          D:15 |       0 |   12657 |   0.0 |       0 |      30 |   0.0 |   962
        Lair:1 |       0 |    3410 |   0.0 |       0 |      41 |   0.0 |  1143
        Lair:2 |       0 |    3841 |   0.0 |       0 |      15 |   0.0 |  1018
        Lair:3 |       0 |    4468 |   0.0 |       0 |      31 |   0.0 |   806
        Lair:4 |       0 |    9604 |   0.0 |       0 |      48 |   0.0 |  1190
        Lair:5 |       0 |    6789 |   0.0 |       0 |      20 |   0.0 |  1132
        Lair:6 |       0 |   19888 |   0.0 |       0 |     101 |   0.0 |  1475
         Orc:1 |       0 |    3040 |   0.0 |       0 |      28 |   0.0 |   453
         Orc:2 |       0 |   10330 |   0.0 |       0 |      83 |   0.0 |  1343
         Elf:1 |       0 |    5988 |   0.0 |       0 |      10 |   0.0 |   202
         Sewer |       0 |     138 |   0.0 |       0 |      24 |   0.0 |   530
        Bailey |       0 |    3227 |   0.0 |       0 |      69 |   0.0 |   993
               +---------+---------+-------+---------+---------+-------+---------
